 Dungeon Crawl Stone Soup version 0.29.1-15-g9cfb28693d (webtiles) character file.

Game seed: 9699907561969647613

424 pokedragonboy the Ruffian (level 6, -3/52 HPs)
             Began as a Naga Transmuter on Mar 10, 2023.
             Slain by an ogre
             ... wielding a +0 giant spiked club
              (21 damage)
             ... on level 5 of the Dungeon.
             The game lasted 00:13:37 (7067 turns).

pokedragonboy the Ruffian (Naga Transmuter)         Turns: 7067, Time: 00:13:38

Health: -3/52      AC:  8    Str: 13    XL:     6   Next: 96%
Magic:  3/3        EV: 10    Int: 15    God:
Gold:   257        SH:  5    Dex: 11    Spells: 5/11 levels left

rFire   . . .      SeeInvis +   s - +1 hand axe (antimagic)
rCold   . . .      Faith    .   (no shield)
rNeg    . . .      Spirit   .   a - +0 robe
rPois   +          Reflect  +   u - +0 helmet
rElec   .          Harm     .   (no cloak)
rCorr   .          Rampage  .   (no gloves)
Will    +....                   (no barding)
Stlth   +.........              v - amulet of reflection
HPRegen 0.17/turn               r - +4 ring of protection
MPRegen 0.08/turn               m - ring of willpower

@: very slow
A: AC +2, large, see invisible, deformed body, poison resistance, slowness 2,
spit poison 1, naga tail 1
a: Spit Poison


You were on level 5 of the Dungeon.
You visited 1 branch of the dungeon, and saw 5 of its levels.

You collected 257 gold pieces.

Inventory:

Hand Weapons
 q - a +2 dagger of speed
 s - a +1 antimagic hand axe (weapon)
Missiles
 i - 3 javelins
Armour
 a - a +0 robe (worn)
 o - a +0 ring mail
 u - a +0 helmet (worn)
 w - an orb of wrath
Magical Staves
 n - a staff of earth
Jewellery
 m - a ring of willpower (right hand)
 r - a +4 ring of protection (left hand)
 v - an amulet of reflection (around neck)
 y - an amulet of regeneration
Wands
 B - a wand of paralysis (7)
Scrolls
 g - a scroll of butterflies
 j - 7 scrolls of teleportation
 k - a scroll of immolation
 l - a scroll of enchant weapon {unknown}
 A - a scroll of identify
Potions
 b - a potion of brilliance {unknown}
 c - 3 potions of cancellation
 d - 2 potions of ambrosia {unknown}
 e - 2 potions of mutation
 f - a potion of berserk rage {unknown}
 h - 2 potions of might {unknown}
 p - 2 potions of heal wounds {unknown}
 t - a potion of haste {unknown}
 x - a potion of curing {unknown}
 z - a potion of resistance


   Skills:
 - Level 2.0 Fighting
 - Level 2.0 Dodging
 + Level 4.5 Unarmed Combat
 + Level 3.2 Spellcasting
 * Level 4.3 Transmutations
 + Level 2.7 Poison Magic


You had 5 spell levels left.
You knew the following spells:

 Your Spells              Type           Power      Damage    Failure   Level
a - Beastly Appendage     Tmut           30%        N/A       3%          1
b - Wereblood             Tmut           15%        N/A       4%          2
c - Spider Form           Tmut/Pois      13%        N/A       14%         3

Your spell library contained the following spells:

 Spells                   Type           Power      Damage    Failure   Level
 Ignite Poison            Fire/Tmut/Pois 9%         N/A       22%         3
 Conjure Flame            Conj/Fire      2%         6-21      52%         3
 Ice Form                 Ice/Tmut       8%         N/A       63%         4
 Sticky Flame             Conj/Fire      2%         2d3       89%         4


Dungeon Overview and Level Annotations

Branches:
Dungeon (5/15)
 Temple: D:4-7

Altars:
Ashenzari
Elyvilon
Makhleb
Yredelemnul

Shops:
D:5 (

Portals:
Abyss: D:3

Annotations:
D:3 2 transporters, croobank's ghost, amateur DsCj


Innate Abilities, Weirdness & Mutations

Your serpentine skin is tough. (AC +2)
You have supernaturally acute eyesight. (SInv)
Armour fits poorly on your strangely shaped body.
Your system is resistant to poisons. (rPois)
You cover ground very slowly.
You can spit poison.
You have a snake-like lower body.


Message History

An ogre is nearby!
Found 16 gold pieces.
You now have 257 gold pieces (gained 16).
Found a stone staircase leading up.
There is a stone staircase leading up here.
An adder comes into view.
The adder hisses angrily.
The adder bites you.
Casting: Beastly Appendage (safe; 3% risk of failure)
Confirm with . or Enter, or press ? or * to list all spells.
You grow a pair of large bovine horns.
Your +0 helmet melds into your body.
The adder bites you but does no damage. You block the adder's attack.
You miss the adder. The adder closely misses you.
You hit the adder.
The adder is heavily wounded.
You block the adder's attack. The adder misses you.
You closely miss the adder. Your punch misses the adder.
The adder is heavily wounded.
The adder bites you but does no damage. The adder misses you.
You closely miss the adder. Your headbutt misses the adder.
The adder is heavily wounded.
The adder bites you but does no damage.
You hit the adder.
You kill the adder!
Your transformation is almost over.
Your horns disappear.
Your +0 helmet unmelds from your body.
You open the door.
There is an open door here.
The orc shouts!
You hear a shout! x2
The orc wizard shouts!
The orc shouts!
An ogre is nearby!
An ogre is nearby!
The ogre hits you with a +0 giant spiked club!!
Ouch! That really hurt!
Okay, then.
As you read the scroll of butterflies, it crumbles to dust.
You hear the tinkle of a tiny bell.
The ogre hits you with a +0 giant spiked club!!
You die...

....'.....###.........
#####.....#........... #
#.....#....####... #
#.....#....# .##
#####.....#....####.#
...####..##.........#
##.####.......bbbbb.##~~
##.#........##bbbbb..'..
##..#######...bO@#####
##..#...oo#...b#bbb.#
##..#.>.oo#...#########
###.#....o#...####....##
# #.#######.#...##.###.#
# ##...............# #.#
# ####.#.###...#### #.#
# #.#......># #.# #
#.######### #.#


You could see an ogre (ally target), 2 orc wizards and an orc.

Vanquished Creatures
  Prince Ribbit (D:5)
  A scorpion (D:5)
  A hound (D:4)
  An orc wizard (D:2)
  3 adders
  2 worms
  4 dart slugs
  13 orcs
  4 ball pythons
  5 bats
  7 endoplasms
  4 giant cockroaches
  5 hobgoblins
  A jackal (D:2)
  7 kobolds
  A quokka (D:1)
  4 frilled lizards
  6 goblins
  4 rats
74 creatures vanquished.

Vanquished Creatures (others)
  4 plants (D:3)
4 creatures vanquished.

Grand Total: 78 creatures vanquished

Notes
Turn   | Place    | Note
-------+----------+-------------------------------------------
     0 | D:1      | pokedragonboy the Naga Transmuter began the quest for the
                  | Orb.
     0 | D:1      | Reached XP level 1. HP: 18/18 MP: 3/3
   178 | D:1      | Reached XP level 2. HP: 19/25 MP: 3/5
  1238 | D:1      | Learned a level 2 spell: Wereblood
  1308 | D:1      | Reached XP level 3. HP: 31/31 MP: 4/6
  2220 | D:2      | HP: 1/31 [worm (8)]
  3043 | D:2      | Reached XP level 4. HP: 7/39 MP: 7/7
  3543 | D:2      | Learned a level 3 spell: Spider Form
  3648 | D:3      | Found a transporter.
  3918 | D:3      | Found a faded altar of an unknown god.
  4220 | D:2      | Reached XP level 5. HP: 12/45 MP: 8/8
  4785 | D:3      | Found a burning altar of Makhleb.
  4923 | D:3      | Found a one-way gate to the infinite horrors of the Abyss.
  4923 | D:3      | Noticed croobank's ghost (amateur DsCj)
  4940 | D:3      | Found a transporter.
  5418 | D:4      | Reached skill level 1 in Poison Magic
  5528 | D:4      | Found a broken altar of Ashenzari.
  5528 | D:4      | Found a basalt altar of Yredelemnul.
  6093 | D:5      | Entered Level 5 of the Dungeon
  6138 | D:5      | Noticed Prince Ribbit
  6150 | D:5      | Killed Prince Ribbit
  6151 | D:5      | Reached XP level 6. HP: 14/52 MP: 3/10
  6536 | D:5      | Found a white marble altar of Elyvilon.
  6556 | D:5      | Found Xiohoh's Antique Weapon Emporium.
  7067 | D:5      | Slain by an ogre

Illustrated notes

Levels and vault maps discovered:
D:1:      minmay_arrival_statue_studded, layout_loops_corners
D:2:      kennysheep_big_flooded_room, layout_basic
D:3:      cheibrodos_old_hovel, layout_rooms, lemuel_tele_altar,
          gammafunk_ghost_abyssal_escape, basic_ecumenical_altar,
          minmay_misc_feat_rows, amcnicky_mini_pool_small
D:4:      layout_gridville, gammafunk_temple_overflow_statue
D:5:      layout_basic, led_sif_pool, general_overflow_altar, serial_shops,
          nicolae_take_the_stairs, kennysheep_generic_room_7,
          uniq_prince_ribbit1

Skill      XL: |  1  2  3  4  5 |
---------------+----------------+-----
Dodging        | 2 |  2.0
Fighting       | 2 |  2.0
Transmutations | 3 4 |  4.3
Unarmed Combat | 4 |  4.5
Poison Magic   | 2 |  2.7
Spellcasting   | 3 |  3.2

Action                   |  1- 3 |  4- 6 || total
-------------------------+-------+-------++-------
Melee: Unarmed           |    18 |       ||    18
       Headbutt          |    17 |    14 ||    31
       Short sword       |    87 |       ||    87
       Punch             |     2 |     6 ||     8
       Dagger            |       |    88 ||    88
       Hand axe          |       |    52 ||    52
 Cast: Beastly Appendage |    25 |    26 ||    51
       Wereblood         |     1 |     1 ||     2
 Abil: Spit Poison       |    18 |    14 ||    32
  Use: Scroll            |     2 |     5 ||     7
       Potion            |       |     1 ||     1
 Stab: Sleeping          |     1 |       ||     1
Armor: Robe              |    21 |    64 ||    85
       Skin              |       |    21 ||    21
Dodge: Dodged            |    74 |    83 ||   157
Block: Other             |       |    20 ||    20
